 Dungeon Crawl Stone Soup version 0.30-a0-782-ge64f9170bb (webtiles) character file.

Game seed: 11043198014468834160

54 Dirtsage the Chopper (level 3, -1/29 HPs)
             Began as a Demonspawn Fighter on Mar 2, 2023.
             Slain by Natasha (8 damage)
             ... on level 3 of the Dungeon.
             The game lasted 00:02:20 (1222 turns).

Dirtsage the Chopper (Demonspawn Fighter)           Turns: 1222, Time: 00:02:21

Health: -1/29      AC:  6    Str: 18    XL:     3   Next: 66%
Magic:  3/3        EV:  9    Int:  9    God:
Gold:   80         SH:  4    Dex: 12    Spells: 2/2 levels left

rFire   + . .      SeeInvis .    a - +0 war axe
rCold   . . .      Faith    .    c - +0 buckler
rNeg    . . .      Spirit   .    b - +0 scale mail
rPois   .          Reflect  .    (helmet restricted)
rElec   .          Harm     .    (no cloak)
rCorr   .          Rampage  .    (no gloves)
Will    .....                    (no boots) Stlth
                                 (no amulet)
HPRegen 0.24/turn                F - ring of protection from fire
MPRegen 0.08/turn                (no ring)

@: no status effects
A: antennae 1
a: no special abilities


You were on level 3 of the Dungeon.
You visited 1 branch of the dungeon, and saw 3 of its levels.

You collected 80 gold pieces.

Inventory:

Hand Weapons
 a - a +0 war axe (weapon)
Missiles
 i - 4 curare-tipped darts (quivered)
Armour
 b - a +0 scale mail (worn)
 c - a +0 buckler (worn)
 h - a +0 kite shield
Jewellery
 F - a ring of protection from fire (left hand)
Scrolls
 f - 2 scrolls of amnesia {unknown}
 g - 2 scrolls of magic mapping {unknown}
 j - 2 scrolls of identify {unknown}
 l - a scroll of immolation {unknown}
Potions
 d - a potion of might
 e - 2 potions of curing {unknown}
 k - a potion of invisibility {unknown}


   Skills:
 - Level 3.0 Fighting
 + Level 3.7 Axes
 - Level 2.6 Armour
 - Level 2.6 Shields


You had 2 spell levels left.
You didn't know any spells.
Your spell library contained the following spells:

 Spells                   Type           Power      Damage    Failure   Level
 Stone Arrow              Conj/Erth      0%         3d7       99%         3
 Animate Armour           Summ/Erth      0%         N/A       100%        4
 Lehudib's Crystal Spear  Conj/Erth      0%         10d2      100%        8


Dungeon Overview and Level Annotations

Branches:
Dungeon (3/15)

Altars:

Annotations:
D:3 Natasha


Innate Abilities, Weirdness & Mutations

You have a pair of small antennae on your head.


Message History

Done exploring.
Done exploring.
You don't know any spells.
There is a stone staircase leading down here.
You climb downwards.
Natasha hisses angrily.
There is a stone staircase leading up here.
The quokka barely misses you. Natasha casts a spell at you.
The magic dart hits you!
You take 7 damage, and have 22/29 hp.
MASSIVE DAMAGE!!
You barely miss the quokka.
The quokka bites you but does no damage.
Natasha mumbles some strange words.
You completely miss the quokka. The quokka barely misses you.
Natasha drinks a potion.
Natasha seems to speed up.
The quokka twitches its whiskers.
The quokka bites you but does no damage.
You slash the quokka!
You kill the quokka!
You hit the quokka.
Natasha mumbles some strange words.
The quokka bites you. x2
You take 2 damage, and have 21/29 hp.
Natasha claws you but does no damage. The quokka bites you.
The crimson imp blinks!
There is a stone staircase leading up here.
You take 1 damage, and have 20/29 hp.
You slash the quokka!
You kill the quokka!
You hit Natasha. Natasha casts a spell at you. The magic dart hits you!
Natasha claws you!
* * * LOW HITPOINT WARNING * * *
You block the shadow imp's attack.
You take 13 damage, and have 7/29 hp.
MASSIVE DAMAGE!!
You hit Natasha but do no damage.
Natasha is moderately wounded.
You barely miss the shadow imp. Natasha claws you!
You die...

#.....#
$.....##
#..#...### ##
#..#......
...###...5....#
........§......
.......5h.....#
#@†...#
#.#...... #†.#
##### #.## #.
#. .. #. ..


You could see Natasha (fast), a crimson imp (summoned) and a shadow imp
(summoned).

Vanquished Creatures
  A worm (D:2)
  2 dart slugs
  5 bats
  8 endoplasms
  3 giant cockroaches
  A goblin (D:1)
  6 hobgoblins
  4 kobolds (D:1)
  4 quokkas
  2 ball pythons (D:2)
  5 rats
41 creatures vanquished.

Notes
Turn   | Place    | Note
-------+----------+-------------------------------------------
     0 | D:1      | Dirtsage the Demonspawn Fighter began the quest for the
                  | Orb.
     0 | D:1      | Reached XP level 1. HP: 18/18 MP: 1/1
   146 | D:1      | Gained mutation: You have a pair of small antennae on your
                  | head. [demonic ancestry]
   146 | D:1      | Reached XP level 2. HP: 18/24 MP: 2/2
   536 | D:2      | Reached XP level 3. HP: 26/29 MP: 3/3
  1215 | D:3      | Noticed Natasha
  1222 | D:3      | Slain by Natasha

Illustrated notes

Levels and vault maps discovered:
D:1:      scummos_arrival_simple_fountains, layout_rooms
D:2:      minmay_chambers_of_twos, layout_basic
D:3:      layout_loops_ring, cheibriados_altar_1,
          nicolae_dithmenos_shadow_blocks, uniq_natasha

Skill      XL: |  1  2 |
---------------+-------+-----
Axes           | 2 3 |  3.7
Fighting       | |  3.0
Armour         | |  2.6
Shields        | |  2.6

Action                     || total
---------------------------++-------
  Melee: War axe           ||    81
 Armour: Scale mail        ||    38
  Dodge: Dodged            ||    41
  Block: Buckler           ||    16

Table legend: (Time is in decaauts)
 A = Elapsed time spent in this place.
 B = Non-inter-level travel time spent in this place.
 C = Inter-level travel time spent in this place.
 D = Time resting spent in this place.
 E = Time spent auto-exploring this place.
 F = Levels seen in this place.
 G = Mean time per level.
                   A        B        C        D        E       F      G
               +--------+--------+--------+--------+--------+-----+--------+
         Total |   1252 |   1199 |     53 |    100 |    875 |   3 |  417.3 |
       Dungeon |   1252 |   1199 |     53 |    100 |    875 |   3 |  417.3 |
               +--------+--------+--------+--------+--------+-----+--------+

Top non-repeatable levels by time:
     D:2: 697 daAuts
     D:1: 546 daAuts
     D:3: 8 daAuts
